[Event "Tuesday 24 April Rapid Engine Tour 12+1 Rounds 9 Starts 1600ST"]
[Site "Infinity Chess"]
[Date "2018.4.24"]
[Round "8"]
[White "blindfoldchess"]
[Black "Vimtiroba"]
[Result "1/2-1/2"]
[ECO "C50"]
[WhiteElo "2442"]
[BlackElo "2426"]
[WhiteEngine "Cryptic Heroes 9.4B"]
[BlackEngine "AsmFish A10_CTG"]
[EventType "Swiss"]
[WhiteTeam ""]
[BlackTeam ""]
[PlyCount "182"]
[TimeControl "720+1"]

1. e4 e5 2. Nf3 Nc6 3. Bc4 Bc5 4. d3 Nf6 5. c3 d6 6. Bb3 a6 7. O-O O-O 
8. Re1 Ba7 9. h3 h6 10. Nbd2 Re8 11. Nf1 Be6 12. Bxe6 Rxe6 13. Qc2 d5 
14. Be3 Bxe3 15. Nxe3 Qd7 16. Rad1 Rd8 17. a3 a5 18. g3 b6 19. Kg2 Rb8 
20. Nf5 Rbe8 21. Qa4 Rd8 22. b4 Qe8 23. Rc1 Rd7 24. Qc2 Qa8 25. Kg1 Ne7 
26. Nxe7+ Rexe7 27. Ra1 dxe4 28. dxe4 Re8 29. Kg2 Rdd8 30. c4 axb4 31. axb4 Qb7 
32. Rac1 Re6 33. Re3 Qc6 34. c5 Qb5 35. cxb6 cxb6 36. Qc4 Qe8 37. Rc2 g6 
38. Ra3 Kg7 39. Ra7 Rd7 40. Rxd7 Qxd7 41. b5 Qb7 42. Re2 Qe7 43. Re1 Qd7 
44. Re3 Qb7 45. Re1 Nd7 46. Ra1 Re7 47. Qc6 Nc5 48. Qxb7 Rxb7 49. Nxe5 Nxe4 
50. Nc4 Nc3 51. Nd6 Rd7 52. Nc8 Nxb5 53. Nxb6 Rb7 54. Nd5 Nd4 55. Ne3 h5 
56. Rd1 Rb4 57. Nd5 Rc4 58. Ne3 Ra4 59. Nd5 Nf5 60. Nb6 Ra2 61. Nd5 g5 
62. Nc3 Ra6 63. Rd7 Kg6 64. Ne4 h4 65. Rd8 f6 66. g4 Ng7 67. Nc5 Rc6 68. Rd5 Kf7 
69. Rd7+ Kg6 70. Rd5 Rc7 71. f3 Ra7 72. f4 gxf4 73. Rd6 Ra5 74. Nd3 f3+ 
75. Kxf3 Ra3 76. Ke4 Kg5 77. Rd7 Kh6 78. Rd4 Ne6 79. Rd7 Ng5+ 80. Kf5 Nxh3 
81. Kxf6 Ng5 82. Kf5 Ra5+ 83. Kf4 Ne6+ 84. Ke4 Kg5 85. Kf3 Ra3 86. Rd5+ Kf6 
87. Kg2 Rxd3 88. g5+ Nxg5 89. Rxd3 Kg6 90. Rd4 Kh5 91. Rd5 Kh6 1/2-1/2

[Event "Tuesday 24 April Rapid Engine Tour 12+1 Rounds 9 Starts 1600ST"]
[Site "Infinity Chess"]
[Date "2018.4.24"]
[Round "8"]
[White "Eman"]
[Black "draxlord"]
[Result "1/2-1/2 "]
[ECO "D02"]
[WhiteElo "2440"]
[BlackElo "2409"]
[WhiteEngine "Eman 1.70-beta25 64-bit POPCNT"]
[BlackEngine "Cryptic Heroes 9.4B"]
[EventType "Swiss"]
[WhiteTeam ""]
[BlackTeam ""]
[PlyCount "156"]
[TimeControl "720+1"]

1. d4 d5 2. Nf3 e6 3. c4 Nf6 4. Nc3 c6 5. Bg5 h6 6. Bxf6 Qxf6 7. e3 Qd8 
8. Bd3 Be7 9. O-O O-O 10. Rc1 Nd7 11. Qb3 b6 12. cxd5 cxd5 13. e4 dxe4 
14. Bxe4 Rb8 15. Rfd1 b5 16. Bc6 Qb6 17. Bxb5 Rd8 18. Bc4 Qc7 19. Nb5 Qb6 
20. Qe3 Bb7 21. b3 Bxf3 22. Qxf3 Nf6 23. a4 Rd7 24. d5 exd5 25. Bd3 g6 
26. Qf4 Rbd8 27. a5 Qxa5 28. Nd4 Ne4 29. Nc6 Qb6 30. Bxe4 Bg5 31. Qg4 Bxc1 
32. Nxd8 Rxd8 33. Bxd5 Bb2 34. Qe4 Qf6 35. h4 Kg7 36. g3 h5 37. Kg2 Rd7 
38. Rd2 Qe5 39. Qf3 Ba3 40. Rd3 Qf6 41. Bc4 Qxf3+ 42. Kxf3 Rxd3+ 43. Bxd3 Bb4 
44. Ba6 Bc5 45. Bc4 Kg8 46. Ke2 Bb4 47. Bd5 Kg7 48. f3 Bd6 49. f4 Be7 50. Be4 f5 
51. Bf3 Ba3 52. Bb7 Kf6 53. Bh1 Bd6 54. Bd5 Ke7 55. Ke3 Bb4 56. Bc6 Ke6 
57. Kf3 Bd2 58. Ba8 Ke7 59. Bc6 Be1 60. Bd5 Bc3 61. Bc4 Bb4 62. Bg8 Kf6 
63. Bc4 Bd6 64. Be2 Bf8 65. Bd3 Ba3 66. Be2 Be7 67. Bd3 Ba3 68. Bb5 Kg7 
69. Bf1 Kf7 70. Ba6 Ke6 71. Be2 Bc5 72. Ba6 Kf7 73. Bd3 Ke6 74. Bc4+ Kf6 
75. Bd3 Bd6 76. Be2 Bb4 77. Bb5 Kg7 78. Bd3 Bd6 1/2-1/2

[Event "Tuesday 24 April Rapid Engine Tour 12+1 Rounds 9 Starts 1600ST"]
[Site "Infinity Chess"]
[Date "2018.4.24"]
[Round "8"]
[White "stormbreaker990"]
[Black "ocirema"]
[Result "1/2-1/2"]
[ECO "C26"]
[WhiteElo "2450"]
[BlackElo "2441"]
[WhiteEngine "Cryptic Heroes 9.4B"]
[BlackEngine "Eman 1.70-beta21 64-bit POPCNT_CTG"]
[EventType "Swiss"]
[WhiteTeam ""]
[BlackTeam ""]
[PlyCount "155"]
[TimeControl "720+1"]

1. e4 e5 2. Nc3 Nf6 3. Nf3 Nc6 4. Bb5 Nd4 5. Bc4 Bc5 6. Nxe5 Qe7 7. Nd3 d5 
8. Nxd5 Nxd5 9. Bxd5 c6 10. Nxc5 cxd5 11. c3 Qxc5 12. cxd4 Qxd4 13. d3 dxe4 
14. dxe4 Qxe4+ 15. Qe2 Qxe2+ 16. Kxe2 Be6 17. Be3 O-O 18. Rhc1 a5 19. a4 Rfc8 
20. Rxc8+ Rxc8 21. Rc1 Rxc1 22. Bxc1 Bb3 23. Bd2 Bxa4 24. Bxa5 f6 25. Kd3 Bc6 
26. f3 Bb5+ 27. Ke4 Kf7 28. Ke3 g5 29. Bc3 Bc6 30. b3 Bb5 31. g3 Bd7 32. b4 Kg6 
33. Bd4 Bb5 34. f4 Kf5 35. fxg5 fxg5 36. Kf3 Bc6+ 37. Ke3 Be8 38. Bc3 Bb5 
39. Bh8 Kg4 40. Bf6 Kf5 41. Bc3 Bd7 42. Kf3 g4+ 43. Ke3 Be6 44. Bd4 h5 
45. Bb6 Bc8 46. Bd8 Ke5 47. Be7 Kd5 48. Kf4 Bd7 49. Kg5 Be8 50. Bd8 Kc4 
51. Be7 Kb5 52. Bc5 Kc4 53. Be7 Kd5 54. Kf4 Bd7 55. Kg5 Ke6 56. Bd8 Be8 
57. Bc7 Kd5 58. Bf4 Bf7 59. Kf6 Be8 60. Kg5 Ke4 61. Kh4 Kf3 62. h3 gxh3 
63. Kxh3 Bd7+ 64. Kh4 Bg4 65. b5 Kf2 66. Be5 Bf3 67. Bd4+ Ke1 68. Kg5 Kf1 
69. Kf4 Ke2 70. b6 Bc6 71. Bb2 Be8 72. Kg5 Kf3 73. Be5 Kf2 74. Kh4 Kf3 
75. Kg5 Bf7 76. Bd6 Ke4 77. g4 hxg4 78. Kxg4 1/2-1/2

[Event "Tuesday 24 April Rapid Engine Tour 12+1 Rounds 9 Starts 1600ST"]
[Site "Infinity Chess"]
[Date "2018.4.24"]
[Round "8"]
[White "MarioDeMonti"]
[Black "hafaba"]
[Result "1/2-1/2"]
[ECO "C55"]
[WhiteElo "2451"]
[BlackElo "2437"]
[WhiteEngine "stockfish_x64_bmi2_2018_02_18_CTG"]
[BlackEngine "Eman 1.70-beta21 64-bit POPCNT_CTG"]
[EventType "Swiss"]
[WhiteTeam ""]
[BlackTeam ""]
[PlyCount "57"]
[TimeControl "720+1"]

1. e4 e5 2. Nf3 Nc6 3. Bc4 Nf6 4. d3 Bc5 5. O-O d6 6. c3 O-O 7. Bg5 h6 8. Bh4 g5 
9. Bg3 g4 10. Bh4 gxf3 11. Qxf3 Kg7 12. Nd2 Bb6 13. Rfe1 Be6 14. Bd5 Rh8 
15. Qg3+ Kh7 16. Qf3 Nxd5 17. Bxd8 Nf4 18. Bh4 Rhg8 19. Qd1 Rxg2+ 20. Kh1 Rag8 
21. Qf3 Bh3 22. Rg1 h5 23. a3 Rxg1+ 24. Rxg1 Rxg1+ 25. Kxg1 Bg4 26. Qh1 Bh3 
27. Qf3 Bg4 28. Qh1 Bh3 29. Qf3 1/2-1/2

[Event "Tuesday 24 April Rapid Engine Tour 12+1 Rounds 9 Starts 1600ST"]
[Site "Infinity Chess"]
[Date "2018.4.24"]
[Round "8"]
[White "SkyPilot"]
[Black "Thinker"]
[Result "1/2-1/2"]
[ECO "C53"]
[WhiteElo "2454"]
[BlackElo "2483"]
[WhiteEngine "stockfish_x64_bmi2_2018_04_07_CTG"]
[BlackEngine "BrainFish_180418_x64_modern_CTG"]
[EventType "Swiss"]
[WhiteTeam ""]
[BlackTeam ""]
[PlyCount "120"]
[TimeControl "720+1"]

1. e4 e5 2. Nf3 Nc6 3. Bc4 Bc5 4. c3 Nf6 5. d3 O-O 6. O-O d6 7. Bg5 h6 8. Bh4 a5 
9. Nbd2 g5 10. Nxg5 hxg5 11. Bxg5 Kg7 12. Qf3 Rh8 13. Rae1 Be6 14. Re3 Qe7 
15. Qg3 Qe8 16. Bh4+ Ng4 17. Rf3 Kf8 18. h3 Nh6 19. Qg5 Bxc4 20. Nxc4 b5 
21. Ne3 Ne7 22. Nf5 Nhxf5 23. exf5 Qd7 24. Re1 Nd5 25. f6 Ke8 26. Bg3 Qe6 
27. c4 Bd4 28. cxd5 Qxd5 29. Qg4 c5 30. Kh2 Kd8 31. Rf5 Kc7 32. f4 Rhg8 
33. Rg5 Rxg5 34. fxg5 Qxa2 35. Rf1 Qb3 36. Qe4 Rf8 37. h4 Qe6 38. h5 Rh8 
39. h6 a4 40. Qe2 b4 41. Bf2 Bxf2 42. Rxf2 e4 43. dxe4 Qe5+ 44. Kg1 a3 
45. bxa3 Qxg5 46. Qc4 Qxh6 47. Rf3 bxa3 48. Qxf7+ Kc6 49. Qd5+ Kc7 50. Rb3 Qh1+ 
51. Kf2 Qh4+ 52. Ke2 Qg4+ 53. Kf2 Qh4+ 54. g3 Qxf6+ 55. Kg2 Rf8 56. Rb7+ Kd8 
57. Rb8+ Ke7 58. Rb7+ Kd8 59. Rb8+ Ke7 60. Rb7+ Kd8 1/2-1/2

[Event "Tuesday 24 April Rapid Engine Tour 12+1 Rounds 9 Starts 1600ST"]
[Site "Infinity Chess"]
[Date "2018.4.24"]
[Round "8"]
[White "quicksilver"]
[Black "Time_bandit"]
[Result "1/2-1/2"]
[ECO "C65"]
[WhiteElo "2540"]
[BlackElo "2468"]
[WhiteEngine "Cryptic Heroes 9.4B"]
[BlackEngine "asmFishW_2018-04-11_bmi2"]
[EventType "Swiss"]
[WhiteTeam ""]
[BlackTeam ""]
[PlyCount "107"]
[TimeControl "720+1"]

1. e4 e5 2. Nf3 Nc6 3. Bb5 Nf6 4. d3 Bc5 5. Ba4 a6 6. O-O b5 7. Bb3 d6 8. c3 O-O 
9. Nbd2 Bb6 10. a4 Ba7 11. Re1 h6 12. Nf1 Na5 13. Bc2 c5 14. axb5 axb5 
15. Ng3 b4 16. Be3 Bb6 17. h3 Be6 18. Qd2 Kh7 19. cxb4 cxb4 20. Rec1 Bxe3 
21. Qxe3 Qb8 22. d4 Rc8 23. Bd3 Rxc1+ 24. Qxc1 g6 25. Qe3 Qc7 26. Rc1 Qb8 
27. d5 Bd7 28. Nd2 Kg7 29. f4 exf4 30. Qxf4 Nb7 31. Kh2 Qf8 32. Qe3 Nc5 
33. Qd4 Rc8 34. Re1 Re8 35. Nf3 Qe7 36. Bf1 h5 37. Kg1 Ra8 38. Bc4 Ba4 
39. Qe3 Nfd7 40. b3 Ne5 41. Nxe5 Qxe5 42. bxa4 Rxa4 43. Nf1 Ra3 44. Qd2 Rc3 
45. Ba2 Nxe4 46. Qd1 f5 47. Bb1 b3 48. Re2 Kh6 49. Bxe4 fxe4 50. Qe1 Qd4+ 
51. Kh2 Qe5+ 52. Kg1 Qd4+ 53. Kh2 Qe5+ 54. Kg1 1/2-1/2

[Event "Tuesday 24 April Rapid Engine Tour 12+1 Rounds 9 Starts 1600ST"]
[Site "Infinity Chess"]
[Date "2018.4.24"]
[Round "8"]
[White "firestar"]
[Black "Deep_Impact"]
[Result "1/2-1/2"]
[ECO "C50"]
[WhiteElo "2471"]
[BlackElo "2463"]
[WhiteEngine "Cryptic Heroes 9.4B"]
[BlackEngine "BrainFish_180411_x64_bmi2"]
[EventType "Swiss"]
[WhiteTeam ""]
[BlackTeam ""]
[PlyCount "135"]
[TimeControl "720+1"]

1. e4 e5 2. Nf3 Nc6 3. Bc4 Bc5 4. O-O Nf6 5. d3 d6 6. c3 a5 7. a4 O-O 8. Bg5 h6 
9. Bh4 g5 10. Bg3 Kg7 11. Nbd2 Ba7 12. Rc1 g4 13. Nh4 Nh5 14. Nb3 Qg5 15. d4 Ne7 
16. Bd3 Bb6 17. Bb1 Re8 18. Nd2 Be6 19. Kh1 Kh8 20. Qc2 Ng6 21. Nf5 exd4 
22. cxd4 Bxf5 23. exf5 Ngf4 24. Rce1 Rxe1 25. Rxe1 Nd5 26. Qd1 Nxg3+ 
27. hxg3 Kg7 28. Nc4 h5 29. Kg1 Nf6 30. Re7 h4 31. gxh4 Qxh4 32. g3 Qh5 
33. Be4 Rh8 34. Bg2 Qxf5 35. Ne3 Qh5 36. Nc4 Kf8 37. Qe2 Kg7 38. Nxb6 cxb6 
39. Rxb7 Re8 40. Qd1 Nd5 41. Rd7 Re6 42. Qd2 Qf5 43. Rb7 Rf6 44. Rb8 Rh6 
45. Qd1 Rf6 46. Qd2 Rh6 47. Qe2 Qb1+ 48. Qf1 Qf5 49. Qe2 Qb1+ 50. Qf1 Qf5 
51. Qd1 Re6 52. Bxd5 Qxd5 53. Qxg4+ Rg6 54. Qh4 Rh6 55. Qg4+ Kf6 56. Qf4+ Kg7 
57. Rg8+ Kxg8 58. Qxh6 Qxd4 59. b3 Qd5 60. Qf6 Qxb3 61. Qg5+ Kf8 62. Qd8+ Kg7 
63. Qg5+ Kf8 64. Qd8+ Kg7 65. Qg5+ Kh8 66. Qf6+ Kh7 67. Qf5+ Kg7 68. Qg5+ 
1/2-1/2

[Event "Tuesday 24 April Rapid Engine Tour 12+1 Rounds 9 Starts 1600ST"]
[Site "Infinity Chess"]
[Date "2018.4.24"]
[Round "8"]
[White "ironchess"]
[Black "star99"]
[Result "1/2-1/2"]
[ECO "B23"]
[WhiteElo "2542"]
[BlackElo "2491"]
[WhiteEngine "Cryptic Heroes 9.4B"]
[BlackEngine "Cryptic Heroes 9.4B"]
[EventType "Swiss"]
[WhiteTeam ""]
[BlackTeam ""]
[PlyCount "163"]
[TimeControl "720+1"]

1. e4 c5 2. Nc3 d6 3. Nf3 a6 4. g3 g6 5. Bg2 e5 6. d3 Nc6 7. h4 h6 8. Nd2 Bg7 
9. a4 Nf6 10. Nd5 h5 11. c3 Rb8 12. Nc4 b5 13. axb5 axb5 14. Nxf6+ Bxf6 
15. Ne3 Ne7 16. Bd2 Bg7 17. Qe2 Qc7 18. Ra3 Bb7 19. Ra7 Qb6 20. Ra2 Qd8 
21. O-O O-O 22. Rb1 d5 23. exd5 Nxd5 24. Ra7 Nxe3 25. Bxe3 Bxg2 26. Kxg2 b4 
27. Rba1 Qd5+ 28. Qf3 Qxd3 29. Bxc5 Qxf3+ 30. Kxf3 bxc3 31. bxc3 Rfc8 
32. Bb4 e4+ 33. Kxe4 Bxc3 34. Bxc3 Rxc3 35. Ra8 Rxa8 36. Rxa8+ Kg7 37. Ra7 Rc4+ 
38. Kd3 Rb4 39. f3 Rb2 40. Ke4 Rb4+ 41. Kd5 Rb5+ 42. Ke4 Rb6 43. Kf4 Rb4+ 
44. Ke3 Kf6 45. Ra6+ Kg7 46. Ra7 Rb8 47. f4 Rb3+ 48. Kf2 Rb2+ 49. Kf3 Rb3+ 
50. Kf2 Rb4 51. Kg2 Rb3 52. Ra2 Kg8 53. Kh3 Kg7 54. Kg2 f5 55. Kf2 Kf8 
56. Ra8+ Kg7 57. Ra7+ Kf6 58. Ra6+ Kf7 59. Ra7+ Kf6 60. Ra2 Rb6 61. Rd2 Rb3 
62. Rd6+ Kg7 63. Ra6 Rb2+ 64. Ke3 Kf7 65. Ra3 Ke6 66. Kf3 Kf7 67. Ra6 Rb3+ 
68. Kf2 Kg7 69. Kg2 Kh6 70. Rd6 Rb2+ 71. Kf3 Rb3+ 72. Kg2 Kh7 73. Rd7+ Kh6 
74. Ra7 Rb4 75. Kh3 Rb3 76. Kg2 Rb2+ 77. Kf1 Rb6 78. Ke2 Rb2+ 79. Kf1 Rb1+ 
80. Kf2 Rb2+ 81. Kg1 Rb3 82. Kg2 1/2-1/2

[Event "Tuesday 24 April Rapid Engine Tour 12+1 Rounds 9 Starts 1600ST"]
[Site "Infinity Chess"]
[Date "2018.4.24"]
[Round "8"]
[White "Susanne"]
[Black "Longin"]
[Result "1-0"]
[ECO "C55"]
[WhiteElo "2546"]
[BlackElo "2500"]
[WhiteEngine "asmFishW_IX_bmi2_CTG"]
[BlackEngine "Raubfisch ME262_GTZ17b1_CTG"]
[EventType "Swiss"]
[WhiteTeam ""]
[BlackTeam ""]
[PlyCount "185"]
[TimeControl "720+1"]

1. e4 e5 2. Nf3 Nc6 3. Bc4 Nf6 4. d3 Bc5 5. c3 d6 6. O-O h6 7. b4 Bb6 8. a4 a5 
9. b5 Ne7 10. Be3 Bxe3 11. fxe3 O-O 12. Bb3 Ng6 13. c4 Re8 14. Nc3 c6 
15. Qe1 Be6 16. Nd2 Rb8 17. h3 Rc8 18. Rd1 Nf8 19. Rc1 Qe7 20. Qe2 Qd8 
21. Qf2 Qe7 22. Qg3 N8d7 23. d4 Nh5 24. Qf2 Qg5 25. g4 exd4 26. exd4 Ndf6 
27. Rce1 Ng3 28. Nf3 Qf4 29. Nh4 Qxf2+ 30. Rxf2 d5 31. exd5 cxd5 32. c5 Nge4 
33. Nxe4 dxe4 34. Bxe6 fxe6 35. Ng6 Rcd8 36. Rd2 Nd7 37. c6 bxc6 38. bxc6 Nf6 
39. Kg2 Kh7 40. Ne5 Rb8 41. h4 Nd5 42. Rxe4 Rb4 43. g5 Rxa4 44. Rc2 hxg5 
45. hxg5 g6 46. Nd7 Kg8 47. Re5 Rd8 48. c7 Rc8 49. Rxd5 exd5 50. Nb6 Rxc7 
51. Rxc7 Rxd4 52. Kf3 a4 53. Ra7 Rd1 54. Ke2 Ra1 55. Nxd5 a3 56. Kf3 Kf8 
57. Kg2 Kg8 58. Nf4 a2 59. Nd5 Kf8 60. Nf6 Rb1 61. Rxa2 Kf7 62. Ra5 Rb7 
63. Kf3 Rb1 64. Nd7 Ke6 65. Nf8+ Kf7 66. Nd7 Kg7 67. Ne5 Rg1 68. Kf4 Rf1+ 
69. Ke4 Rg1 70. Ra7+ Kg8 71. Nf7 Rf1 72. Ke5 Rxf7 73. Rxf7 Kxf7 74. Kd6 Kg8 
75. Ke6 Kg7 76. Ke7 Kh8 77. Kf6 Kh7 78. Kf7 Kh8 79. Kxg6 Kg8 80. Kh6 Kf7 
81. g6+ Kf8 82. Kh7 Ke7 83. g7 Kd6 84. g8=Q Kc5 85. Kg6 Kb5 86. Qc8 Kb6 
87. Kf5 Kb5 88. Qc7 Kb4 89. Ke4 Ka4 90. Qb6 Ka3 91. Kd4 Ka2 92. Kc3 Ka1 93. Qb2# 
1-0

[Event "Tuesday 24 April Rapid Engine Tour 12+1 Rounds 9 Starts 1600ST"]
[Site "Infinity Chess"]
[Date "2018.4.24"]
[Round "8"]
[White "mcstar"]
[Black "Murx"]
[Result "1/2-1/2"]
[ECO "D05"]
[WhiteElo "2581"]
[BlackElo "2522"]
[WhiteEngine "Cryptic Heroes 9.4B"]
[BlackEngine "asmFishW_2018-04-07_popcnt"]
[EventType "Swiss"]
[WhiteTeam ""]
[BlackTeam ""]
[PlyCount "139"]
[TimeControl "720+1"]

1. d4 d5 2. Nf3 Nf6 3. e3 e6 4. c4 b6 5. b3 Bb7 6. Bb2 Nbd7 7. Be2 Bd6 
8. O-O O-O 9. Nc3 a6 10. a4 Rb8 11. Rb1 c5 12. cxd5 exd5 13. Bd3 Re8 14. Ne2 Ne4 
15. Ng3 g6 16. dxc5 Nexc5 17. Be2 h5 18. b4 Ne6 19. b5 a5 20. Bd3 Rc8 
21. Ne2 Nec5 22. Bc2 Qc7 23. h3 Ne5 24. Ned4 Nc4 25. Ba1 Ne4 26. Bb3 Ne5 
27. Qe2 Nc5 28. Qd1 Red8 29. Kh1 Qe7 30. Nc6 Nxc6 31. bxc6 Bxc6 32. Qd4 f6 
33. Qxf6 Qxf6 34. Bxf6 Re8 35. Bd4 Nxb3 36. Rxb3 Bb4 37. Ra1 Re6 38. Ne5 Be8 
39. f4 Bc5 40. Nf3 Rec6 41. Kh2 Bb4 42. Rbb1 Rc2 43. Kg3 Bc5 44. Ne5 h4+ 
45. Kh2 Re2 46. Nf3 Bxd4 47. exd4 Re6 48. Rb2 Rc4 49. Rab1 Bxa4 50. Rxb6 Rxb6 
51. Rxb6 Bc2 52. Nxh4 Rxd4 53. Kg3 a4 54. Ra6 Rd3+ 55. Kf2 Rd2+ 56. Ke1 Rd4 
57. Nxg6 a3 58. Ne7+ Kf7 59. Nxd5 Rxd5 60. Rxa3 Bb1 61. g3 Be4 62. g4 Bb1 
63. Kf2 Rd2+ 64. Ke3 Rh2 65. Kd4 Kg6 66. f5+ Bxf5 67. gxf5+ Kxf5 68. Rd3 Kg5 
69. Ke4 Rb2 70. Rg3+ 1/2-1/2

[Event "Tuesday 24 April Rapid Engine Tour 12+1 Rounds 9 Starts 1600ST"]
[Site "Infinity Chess"]
[Date "2018.4.24"]
[Round "7"]
[White "OlivierEvan"]
[Black "NINJA_JENGKA"]
[Result "0-1"]
[ECO "D02"]
[WhiteElo "2398"]
[BlackElo "2365"]
[WhiteEngine "Houdini 6"]
[BlackEngine "Houdini 6"]
[EventType "Swiss"]
[WhiteTeam ""]
[BlackTeam ""]
[PlyCount "210"]
[TimeControl "720+1"]

1. d4 d5 2. Nf3 Nf6 3. Bf4 c5 4. e3 Nc6 5. Nbd2 e6 6. c3 cxd4 7. exd4 Nh5 
8. Be3 Bd6 9. Ne5 g6 10. Ndf3 f6 11. Ng4 Bd7 12. Nh6 Qe7 13. Qd2 Rf8 
14. O-O-O O-O-O 15. h4 Ng7 16. g4 Na5 17. g5 Nh5 18. Kb1 Nc4 19. Bxc4 dxc4 
20. gxf6 Nxf6 21. Qe2 Bc6 22. Bg5 Qc7 23. Rhe1 Rde8 24. Ne5 Bd5 25. f4 b5 
26. Nhg4 Bxe5 27. dxe5 Be4+ 28. Ka1 Bd3 29. Qf3 Nxg4 30. Qxg4 Rf7 31. Qf3 Qb7 
32. Qh3 Qc6 33. h5 a5 34. Rd2 Ref8 35. hxg6 hxg6 36. Bf6 Rd7 37. Qe3 Rh7 
38. Qg1 Rff7 39. Rc1 Kb7 40. Rh2 Rxh2 41. Qxh2 Qd5 42. Qh4 Be4 43. Qe1 Rd7 
44. Bh4 Ka6 45. a3 Bf5 46. Qe3 Qd2 47. Qxd2 Rxd2 48. a4 bxa4 49. Ka2 Kb6 
50. Ka3 Kc5 51. Rh1 Kb5 52. Be7 Rd3 53. Ka2 Rd7 54. Bg5 Be4 55. Rf1 Bd3 
56. Rc1 Kc6 57. Rd1 Rb7 58. Bd8 Rb8 59. Be7 Kd7 60. Bd6 Rb7 61. Rh1 Kc6 
62. Rh8 Kd5 63. Ka3 Bc2 64. Rc8 Rf7 65. Rc5+ Ke4 66. Rxc4+ Kf3 67. Rc8 Kxf4 
68. c4 Ke4 69. Bc7 Rf3+ 70. Ka2 g5 71. Bxa5 g4 72. Rg8 g3 73. Bc3 Rxc3 
74. bxc3 Kf4 75. Ka3 Be4 76. Rf8+ Kxe5 77. Rf1 g2 78. Ra1 Kf4 79. c5 Kf3 
80. c4 Kf2 81. Kxa4 g1=Q 82. Rxg1 Kxg1 83. Kb5 e5 84. c6 Kf2 85. Kc5 Ke3 
86. c7 Bf5 87. Kb6 e4 88. c5 Kd4 89. c6 e3 90. Ka7 e2 91. Kb7 e1=Q 
92. c8=Q Bxc8+ 93. Kxc8 Qh1 94. c7 Kc5 95. Kd8 Kd6 96. c8=N+ Kc5 97. Ke7 Qb7+ 
98. Kf6 Qxc8 99. Kg5 Qh3 100. Kf4 Qh4+ 101. Ke3 Kc4 102. Kf3 Kd3 103. Kg2 Ke2 
104. Kg1 Kf3 105. Kf1 Qh1# 0-1

[Event "Tuesday 24 April Rapid Engine Tour 12+1 Rounds 9 Starts 1600ST"]
[Site "Infinity Chess"]
[Date "2018.4.24"]
[Round "7"]
[White "KQRBNP"]
[Black "crossbones"]
[Result "1/2-1/2"]
[ECO "B30"]
[WhiteElo "2323"]
[BlackElo "2456"]
[WhiteEngine "Eman 1.70-beta25 64-bit POPCNT"]
[BlackEngine "Cryptic Heroes 9.4B"]
[EventType "Swiss"]
[WhiteTeam ""]
[BlackTeam ""]
[PlyCount "102"]
[TimeControl "720+1"]

1. e4 c5 2. Nf3 Nc6 3. Nc3 e5 4. Bc4 Be7 5. d3 d6 6. Nd2 Nf6 7. Nf1 Bg4 
8. f3 Be6 9. Ne3 O-O 10. O-O Rc8 11. a4 Nb4 12. Bd2 Re8 13. Bb5 Rf8 14. Bc4 Nh5 
15. a5 Bg5 16. Ned5 Nxd5 17. Nxd5 Bxd5 18. Bxd5 Bxd2 19. Qxd2 Rc7 20. Bc4 Re8 
21. c3 h6 22. Qd1 Nf6 23. g3 a6 24. Re1 Rd7 25. Re2 Ree7 26. Qb3 h5 27. Kg2 g6 
28. h4 d5 29. exd5 Nxd5 30. Rae1 Nf6 31. Qb6 Qxb6 32. axb6 Nd5 33. Rxe5 Rxe5 
34. Rxe5 Nxb6 35. Rxc5 Nxc4 36. Rxc4 Rxd3 37. Rc8+ Kh7 38. b3 Rd2+ 39. Kh3 Kg7 
40. b4 Rf2 41. f4 Rc2 42. Rc7 Kf8 43. Rxb7 Rxc3 44. Rb6 Ra3 45. f5 gxf5 
46. Rf6 Kg7 47. Rxf5 Kg6 48. Rg5+ Kh6 49. Rf5 Kg6 50. Rg5+ Kh6 51. Rf5 Kg6 
1/2-1/2

[Event "Tuesday 24 April Rapid Engine Tour 12+1 Rounds 9 Starts 1600ST"]
[Site "Infinity Chess"]
[Date "2018.4.24"]
[Round "7"]
[White "blindfoldchess"]
[Black "angriff"]
[Result "1/2-1/2"]
[ECO "C26"]
[WhiteElo "2451"]
[BlackElo "2394"]
[WhiteEngine "Cryptic Heroes 9.4B"]
[BlackEngine "DracoREX 3.07 64BIT POPCNT_CTG"]
[EventType "Swiss"]
[WhiteTeam ""]
[BlackTeam ""]
[PlyCount "103"]
[TimeControl "720+1"]

1. e4 e5 2. Nc3 Nf6 3. Nf3 Nc6 4. Bb5 Nd4 5. Ba4 c6 6. Nxe5 d6 7. Nf3 Bg4 
8. d3 Bh5 9. h3 Nxf3+ 10. gxf3 d5 11. exd5 Nxd5 12. Qe2+ Be7 13. Qe5 Bxf3 
14. Rg1 Nxc3 15. bxc3 Qd6 16. Bf4 Qxe5+ 17. Bxe5 f6 18. Bh2 Bf8 19. Kd2 g6 
20. Rae1+ Kd7 21. d4 Bh6+ 22. Kd3 Rhe8 23. Bb3 f5 24. Rxe8 Rxe8 25. Be5 Re7 
26. h4 b6 27. Rg3 Be4+ 28. Ke2 f4 29. Rg1 f3+ 30. Kd1 Bf5 31. Re1 Bf8 32. a4 Re8 
33. Bf7 Rc8 34. Bf4 Be7 35. Bg5 Bxg5 36. hxg5 c5 37. a5 bxa5 38. Re5 a4 
39. dxc5 Rb8 40. Kc1 a3 41. Bb3 Kd8 42. Bc4 Kc7 43. Bd5 Kd7 44. Bb3 Kc7 
45. Bd5 Kd8 46. Bc4 Bc8 47. Bf7 Rb5 48. Re8+ Kc7 49. Re7+ Kd8 50. Re8+ Kc7 
51. Re7+ Kd8 52. Re8+ 1/2-1/2

[Event "Tuesday 24 April Rapid Engine Tour 12+1 Rounds 9 Starts 1600ST"]
[Site "Infinity Chess"]
[Date "2018.4.24"]
[Round "7"]
[White "SkyPilot"]
[Black "juggernaut"]
[Result "1-0"]
[ECO "D15"]
[WhiteElo "2438"]
[BlackElo "2437"]
[WhiteEngine "stockfish_x64_bmi2_2018_04_07_CTG"]
[BlackEngine "Cryptic Heroes 9.4B"]
[EventType "Swiss"]
[WhiteTeam ""]
[BlackTeam ""]
[PlyCount "135"]
[TimeControl "720+1"]

1. d4 d5 2. c4 c6 3. Nf3 Nf6 4. Nc3 e6 5. Bg5 dxc4 6. e4 b5 7. e5 h6 8. Bh4 g5 
9. Nxg5 hxg5 10. Bxg5 Nbd7 11. g3 Bb7 12. Bg2 Rh5 13. h4 b4 14. Ne4 Rxg5 
15. Nxg5 Nd5 16. Qh5 Qe7 17. Be4 c3 18. Nxf7 cxb2 19. Rb1 N7b6 20. Rxb2 Kd7 
21. Ng5 Qg7 22. Qg4 Re8 23. h5 Qh6 24. Bg6 Re7 25. O-O Na4 26. Rc2 Nac3 
27. Rfc1 a5 28. a3 Qh8 29. axb4 axb4 30. Ra1 Bh6 31. Nxe6 Rxe6 32. Bf5 Nc7 
33. Ra7 Qb8 34. Rxb7 Qxb7 35. Qg6 Qc8 36. Qxh6 Qg8 37. Rb2 N3d5 38. Ra2 Qf7 
39. Qg5 Kc8 40. h6 Kb7 41. Bxe6 Nxe6 42. Qg4 Kb8 43. Rb2 Kb7 44. h7 Qxh7 
45. Qxe6 Qc7 46. Qe8 Qe7 47. Qxe7+ Nxe7 48. Rxb4+ Kc7 49. Ra4 Nd5 50. Ra7+ Kd8 
51. f4 Nc3 52. f5 Nb5 53. Ra8+ Ke7 54. f6+ Kf7 55. Rd8 Ke6 56. Re8+ Kf7 
57. Re7+ Kg8 58. e6 Nxd4 59. Rg7+ Kf8 60. e7+ Ke8 61. Rg8+ Kd7 62. Rd8+ Kc7 
63. Rxd4 c5 64. f7 c4 65. e8=Q c3 66. f8=Q c2 67. Qc5+ Kb7 68. Qec8# 1-0

[Event "Tuesday 24 April Rapid Engine Tour 12+1 Rounds 9 Starts 1600ST"]
[Site "Infinity Chess"]
[Date "2018.4.24"]
[Round "7"]
[White "KhalidOmar"]
[Black "firestar"]
[Result "0-1"]
[ECO "C55"]
[WhiteElo "2430"]
[BlackElo "2412"]
[WhiteEngine "Eman 1.70-beta24 64-bit BMI2"]
[BlackEngine "Cryptic Heroes 9.4B"]
[EventType "Swiss"]
[WhiteTeam ""]
[BlackTeam ""]
[PlyCount "159"]
[TimeControl "720+1"]

1. e4 e5 2. Nf3 Nc6 3. Bc4 Nf6 4. d3 Bc5 5. Nc3 h6 6. O-O O-O 7. Na4 Be7 
8. a3 d6 9. Nc3 Bg4 10. h3 Bxf3 11. Qxf3 Nd4 12. Qd1 c6 13. Ba2 Ne6 14. Ne2 d5 
15. exd5 cxd5 16. Ng3 Bd6 17. Re1 Rc8 18. Be3 b5 19. Rc1 Nf4 20. c4 e4 
21. c5 Be5 22. Bb1 Ng6 23. d4 Bc7 24. b4 Qd7 25. a4 a6 26. Bc2 Nh7 27. axb5 axb5 
28. Nxe4 dxe4 29. d5 Rce8 30. d6 Bd8 31. Qg4 Qc6 32. Bd4 Ng5 33. Bb3 Kh8 
34. h4 Nxh4 35. Kh1 Kh7 36. Qxh4 Nf3 37. Qh5 Nxd4 38. Bxf7 Rxf7 39. Qxf7 Re5 
40. Rc3 Bg5 41. Qa2 Qd7 42. f3 Nf5 43. fxe4 Bh4 44. Re2 Nd4 45. Ree3 Qg4 
46. Qd2 Nc6 47. Rcd3 Bg5 48. d7 h5 49. Qe2 Bxe3 50. Qxg4 hxg4 51. Rxe3 Re6 
52. Kh2 Kg6 53. Rd3 Nd8 54. e5 Kf7 55. Ra3 Ke7 56. Ra5 Kxd7 57. Rxb5 Rxe5 
58. Rb6 Ne6 59. Rb7+ Kc6 60. Rb6+ Kd5 61. Rd6+ Ke4 62. c6 Nd4 63. Rg6 Re7 
64. Rxg4+ Kd5 65. Kh3 Nxc6 66. b5 Nd4 67. Rg5+ Kd6 68. b6 Kc6 69. Rg4 Kc5 
70. Rg6 Nc6 71. Rg5+ Kxb6 72. Rd5 Kc7 73. Rd3 Rd7 74. Ra3 Kd6 75. Re3 Ne5 
76. Kh4 Ke6 77. Re2 Rd4+ 78. Kh3 Kf5 79. Rc2 Rd3+ 80. g3 0-1